 Dungeon Crawl Stone Soup version 0.29-a0-275-g389c0b56f3 (webtiles) character file.

Game seed: 13352934515260376175

8470 Ge0ff the Thaumaturge (level 11, -7/87 HPs)
             Began as a Djinni Arcane Marksman on Mar 12, 2022.
             Was a Priest of Ashenzari.
             Shot with an arrow by a centaur warrior (17 damage)
             ... on level 10 of the Dungeon.
             The game lasted 00:43:56 (16527 turns).

Ge0ff the Thaumaturge (Djinni Arcane Marksman)     Turns: 16527, Time: 00:43:57

Health: -7/87      AC: 12    Str:  9    XL:     11   Next: 56%
Gold:   592        EV: 12    Int: 25    God:    Ashenzari [***...] SH:  5 Dex: 17

rFire   + + .      SeeInvis +   a - +4 hand crossbow (freeze)
rCold   x . .      Faith    .   (no shield)
rNeg    . . .      Spirit   .   n - +3 ring mail "Share My Doubts" {Cun, Range} (curse)
rPois   ∞          Reflect  +   M - +1 helmet "Portent of the Welkin" {Self, Melee} (curse)
rElec   .          Harm     .   Q - +0 cloak
rCorr   .          Rampage  .   o - +0 pair of gloves "Behold Eternity" {Dex+3, Range, Melee} (curse)
Will    .....      Clarity  +   (boots unavailable)
Stlth   +.........              O - amulet of reflection
HPRegen 0.24/turn               X - ring of Supernal Wisdom {Int+6, =R, Evo, Self} (curse)
MPRegen 0.00/turn               (no ring)

@: weak-willed, flying, studying Fighting
A: sickness immunity, fire resistance 2, cold vulnerability 1, float, innate
caster, HP casting, extra vitality 1
a: Renounce Religion, Shatter the Chains


You were on level 10 of the Dungeon.
You worshipped Ashenzari.
Ashenzari was most pleased with you.
You visited 2 branches of the dungeon, and saw 11 of its levels.
You also visited: Ossuary.

You collected 592 gold pieces.

Inventory:

Hand Weapons
 a - a +4 hand crossbow of freezing (weapon)
 b - a +1 short sword of draining
 K - the +4 long sword of Summer {freeze, +Blink rF+ rN++ Will-}
   (You took it off a goblin on level 3 of the Dungeon)

   It freezes those it strikes, dealing additional cold damage.
   It can also slow down cold-blooded creatures.
   rF:        It protects you from fire.
   rN:        It greatly protects you from negative energy.
   +Blink:    It lets you blink.
   Will:      It decreases your willpower.
Missiles
 g - a throwing net {=F}
 v - a curare-tipped dart {=F}
 x - 33 poisoned darts
 A - a boomerang of dispersal
 B - 5 boomerangs
 U - 341 stones
Armour
 k - a +0 ring mail of cold resistance
 l - a +0 kite shield
 n - the cursed +3 ring mail "Share My Doubts" (worn) {Cun, Range}
   (You took it off an orc on level 9 of the Dungeon)

   It has a curse which improves the following skills: Cunning: Dodging and
   Stealth.
   Ranged Combat: Slings, Bows, Crossbows and Throwing.
 o - the cursed +0 pair of gloves "Behold Eternity" (worn) {Dex+3, Range, Melee}
   (You found it on level 7 of the Dungeon)

   It has a curse which improves the following skills: Ranged Combat: Slings,
   Bows, Crossbows and Throwing.
   Melee Combat: Short Blades, Long Blades, Axes, Maces & Flails, Polearms,
   Staves and Unarmed Combat.
 w - an orb of mayhem
 J - a +1 robe of positive energy
 M - the cursed +1 helmet "Portent of the Welkin" (worn) {Self, Melee}
   (You took it off Robin on level 4 of the Dungeon)

   It has a curse which improves the following skills: Introspection: Fighting
   and Spellcasting.
   Melee Combat: Short Blades, Long Blades, Axes, Maces & Flails, Polearms,
   Staves and Unarmed Combat.
 Q - a +0 cloak (worn)
 R - a +0 leather armour
Magical Staves
 t - a staff of cold
 P - a staff of poison
Jewellery
 G - an amulet of the acrobat
 O - an amulet of reflection (around neck)
 X - the cursed ring of Supernal Wisdom (left hand) {Int+6, =R, Evo, Self}
   (You took it off an orc on level 4 of the Dungeon)

   [ring of intelligence]

   Int:       It affects your intelligence (+6).
   It has a curse which improves the following skills: Evocations: Evocations.
   Introspection: Fighting and Spellcasting.
Wands
 e - a wand of charming (17)
 f - a wand of flame (20)
 j - a wand of acid (3)
 p - a wand of paralysis (2)
 s - a wand of mindburst (26)
Scrolls
 m - 2 scrolls of magic mapping
 r - a scroll of enchant armour
 u - 2 scrolls of holy word
 y - a scroll of immolation
 C - a scroll of torment
 D - a scroll of brand weapon
 E - 3 scrolls of fear
 F - 5 scrolls of fog
 S - 2 scrolls of summoning
 T - 6 scrolls of teleportation
Potions
 q - 3 potions of curing
 z - a potion of brilliance
 H - 3 potions of haste {!q}
 I - a potion of invisibility
 L - a potion of lignification
 N - a potion of cancellation {!q}
 W - a potion of heal wounds {!q}
 Y - a potion of mutation {!q}
 Z - a potion of berserk rage {!q}


   Skills:
 + Level 8.9(11.4) Fighting
 - Level 7.5(10.0) Crossbows
 + Level 2.1 Armour
 + Level 3.1(4.5) Dodging
 + Level 9.9(12.3) Spellcasting
 + Level 4.0(5.5) Evocations


You had 9 spell levels left.
You knew the following spells:

 Your Spells              Type           Power      Damage    Failure   Level
b - Inner Flame           Hex/Fire       67%        N/A       1%          3
f - Cause Fear            Hex            33%        N/A       1%          4
j - Slow                  Hex            100%       N/A       1%          1
k - Sandblast             Erth           100%       2d20      1%          1
p - Portal Projectile     Hex/Tloc       100%       N/A       1%          3
t - Confusing Touch       Hex            67%        N/A       1%          3
C - Poisonous Vapours     Pois/Air       100%       N/A       1%          2
E - Flame Wave            Conj/Fire      67%        2d12      1%          4
Z - Ice Form              Ice/Tmut       67%        N/A       1%          4
Your spell library was empty.

Dungeon Overview and Level Annotations

Branches:
Dungeon (10/15)            Temple (1/1) D:6            Lair (0/6) D:9
Ossuary (visited)
    Orc: D:9-12

Altars:
Ashenzari
Cheibriados
Dithmenos
Elyvilon
Fedhas
Gozag
Hepliaklqana
Kikubaaqudgha
Makhleb
Nemelex Xobeh
Okawaru
Sif Muna
Trog
Uskayaw
Vehumet
Wu Jian
Xom
Yredelemnul
Zin
The Shining One

Annotations:
D:3 2 transporters, qborf's ghost, weakling SpAK


Innate Abilities, Weirdness & Mutations

You are immune to sickness and miasma.
You are immune to poison.
Your flesh is very heat resistant. (rF++)
You are vulnerable to cold. (rC-)
You float through the air rather than walking.
You learn spells naturally, not from books.
Your magical power is your life essence.
You have superior vitality. (+4 MHP)


Message History

The barbed spikes dig painfully into your body as you move.
The barbed spikes dig painfully into your body as you move.
You carefully extract the barbed spikes from your body.
An orc wizard comes into view. It is wielding a +0 dagger.
Casting: Poisonous Vapours (safe; 1% risk of failure)
Confirm with . or Enter, or press ? or * to list all spells.
Aiming: Poisonous Vapours (safe; 1% risk of failure)
Press: ? - help, Dir - move target, f - orc wizard
Aim: an orc wizard, wielding a +0 dagger and wearing a +0 robe Poisonous vapours surround the orc wizard!
The orc wizard looks as sick as possible!
Casting: Poisonous Vapours (safe; 1% risk of failure)
Confirm with . or Enter, or press ? or * to list all spells.
Aiming: Poisonous Vapours (safe; 1% risk of failure)
Press: ? - help, Dir - move target, f/p - orc wizard
Aim: an orc wizard, wielding a +0 dagger and wearing a +0 robe (lightly wounded, extremely poisoned) Poisonous vapours surround the orc wizard!
The orc wizard looks as sick as possible!
You block the orc wizard's attack.
A centaur warrior comes into view.
Casting: Poisonous Vapours (safe; 1% risk of failure)
Confirm with . or Enter, or press ? or * to list all spells.
Aiming: Poisonous Vapours (safe; 1% risk of failure)
Press: ? - help, Dir - move target, f - centaur warrior, p - orc wizard
Aim: a centaur warrior
Okay, then.
Unknown command.
Aiming: Paralyse
Press: ? - help, Shift-Dir - straight line, f - centaur warrior, p - orc wizard
Aim: a centaur warrior (chance to affect: 45%)
The centaur warrior resists with some effort.
The centaur warrior wields a +0 shortbow.
The centaur warrior shoots an arrow.
The arrow hits you!!
* * * LOW HITPOINT WARNING * * *
The orc wizard barely misses you.
You hear an angry hiss.
Really read the scroll of vulnerability?
As you read the scroll of vulnerability, it crumbles to dust.
Magic quickly surges around you.
The centaur warrior shoots an arrow.
The arrow hits you!
* * * LOW HITPOINT WARNING * * *
The orc wizard hits you but does no damage.
You hear an angry hiss.
Aiming: Paralyse
Press: ? - help, Shift-Dir - straight line, f/p - centaur warrior
Aim: a centaur warrior, wielding a +0 shortbow (weak-willed, chance to affect: 62%)
The centaur warrior resists with significant effort.
A wyvern comes into view.
The centaur warrior shoots an arrow.
The arrow hits you!
You die...

. .. ## .. #### *##.##... #..
....##.. #.# * #....#..
#################.#####.......
#...........o@..c.......###...
#.#####.#########l#####.......
#.# ,#.# *{ * ...# * #.......
#.#* ... ,* ...### #.......
#.# ,#.### ,#..#*, , *#.......
#.# ..* #.# ###....... #..{.##
... , ,#......... #.##.# ## *,
#.#....... #.#,,# ,
#..#....#.#


You could see a centaur warrior (weak-willed), a wyvern and an orc wizard (very
poisoned, weak-willed).

Vanquished Creatures
  2 two-headed ogres (D:10)
  A manticore (D:10)
  A gargoyle (D:10)
  Prince Ribbit (D:6)
  A shadow (D:6)
  A vampire (D:5)
  4 yaks (D:9)
  A steam dragon (D:8)
  An acid dragon (D:9)
  2 water moccasins
  A sky beast (D:8)
  3 orc warriors
  2 black bears
  An ogre (D:5)
  6 centaurs
  A phantom (D:6)
  5 kobold brigands
  6 bullfrogs
  4 scorpions
  15 wights
  13 killer bees
  A centaur zombie (Ossuary)
  2 hounds (D:7)
  4 jellies
  2 gnoll shamans
  7 orc priests
  4 iguanas
  15 orc wizards
  Ijyb (D:3)
  4 ogre zombies (Ossuary)
  7 mummies (Ossuary)
  Robin (D:4)
  13 adders
  15 gnolls
  A white imp (D:7)
  An ufetubus (D:6)
  4 adder zombies (Ossuary)
  4 worms
  4 dart slugs
  39 orcs
  13 ball pythons
  6 endoplasms
  4 giant cockroaches
  9 hobgoblins
  4 quokkas
  10 bats
  2 frilled lizards
  2 gnoll zombies (Ossuary)
  17 goblins
  A goblin zombie (Ossuary)
  3 hobgoblin zombies (Ossuary)
  22 kobolds
  3 kobold zombies (Ossuary)
  An orc zombie (Ossuary)
  8 quokka zombies (Ossuary)
  8 rats
  3 rat zombies (Ossuary)
317 creatures vanquished.

Vanquished Creatures (collateral kills)
  A gnoll (D:2)
1 creature vanquished.

Vanquished Creatures (others)
  13 fungi (D:9)
  35 plants
48 creatures vanquished.

Grand Total: 366 creatures vanquished

Notes
Turn   | Place    | Note
-------+----------+-------------------------------------------
     0 | D:1      | Ge0ff the Djinni Arcane Marksman began the quest for the
                  | Orb.
     0 | D:1      | Reached XP level 1. HP: 17/17 MP: 0/0
   202 | D:1      | Reached XP level 2. HP: 14/22 MP: 0/0
   478 | D:1      | Reached XP level 3. HP: 27/27 MP: 0/0
   478 | D:1      | Learned a level 1 spell: Sandblast
  1481 | D:2      | Found a faded altar of an unknown god.
  1561 | D:2      | Reached XP level 4. HP: 17/32 MP: 0/0
  1569 | D:2      | Reached skill level 3 in Spellcasting
  2051 | D:2      | You are sucked into a shaft and drop 1 floor!
  2136 | D:2      | Reached XP level 5. HP: 38/38 MP: 0/0
  2136 | D:2      | Learned a level 2 spell: Poisonous Vapours
  3102 | D:3      | Reached skill level 1 in Evocations
  3223 | D:2      | Reached XP level 6. HP: 4/43 MP: 0/0
  3724 | D:3      | Noticed Ijyb
  3743 | D:3      | Killed Ijyb
  3842 | D:3      | Found a transporter.
  3843 | D:3      | Noticed qborf's ghost (weakling SpAK)
  3844 | D:3      | Noticed an ogre
  3844 | D:3      | Noticed an ogre
  3996 | D:3      | Found a transporter.
  4020 | D:3      | Identified the +4 long sword of Summer {freeze, +Blink rF+
                  | rN++ Will-}
  5267 | D:4      | Reached skill level 4 in Spellcasting
  5489 | D:4      | Noticed Robin
  5698 | D:4      | Reached XP level 7. HP: 46/49 MP: 0/0
  5698 | D:4      | Learned a level 3 spell: Confusing Touch
  5942 | D:4      | Killed Robin
  6896 | D:5      | Entered Level 5 of the Dungeon
  6991 | D:5      | Reached skill level 5 in Spellcasting
  6992 | D:5      | Found a basalt altar of Yredelemnul.
  7010 | D:5      | Found a sand-covered staircase.
  7021 | Ossuary  | Entered an ossuary
  7754 | Ossuary  | Reached XP level 8. HP: 43/55 MP: 0/0
  8775 | D:5      | Found a bloodstained altar of Trog.
  8817 | D:5      | Noticed a vampire
  9505 | D:5      | Killed a vampire
  9506 | D:5      | Reached skill level 5 in Crossbows
  9506 | D:5      | Reached skill level 6 in Spellcasting
  9910 | D:6      | Noticed a shadow
 10040 | D:6      | Reached XP level 9. HP: 36/60 MP: 0/0
 10040 | D:6      | Learned a level 4 spell: Flame Wave
 10304 | D:6      | Found a staircase to the Ecumenical Temple.
 10316 | Temple   | Entered the Ecumenical Temple
 10394 | Temple   | Became a worshipper of Ashenzari the Shackled
 10433 | D:6      | Reached skill level 7 in Spellcasting
 11030 | D:6      | Reached skill level 5 in Fighting
 11150 | D:6      | Noticed Prince Ribbit
 11162 | D:6      | Killed Prince Ribbit
 11722 | D:7      | Reached skill level 8 in Spellcasting
 11971 | D:7      | Reached XP level 10. HP: 66/72 MP: 0/0
 12924 | D:8      | Reached * piety under Ashenzari
 14051 | D:8      | Found an iron altar of Okawaru.
 14287 | D:9      | Reached skill level 9 in Spellcasting
 14559 | D:9      | Reached XP level 11. HP: 81/85 MP: 0/0
 14559 | D:9      | Learned a level 4 spell: Ice Form
 14625 | D:9      | Reached ** piety under Ashenzari
 14736 | D:9      | Found a staircase to the Lair.
 15080 | D:9      | Reached skill level 1 in Armour
 15834 | D:10     | Entered Level 10 of the Dungeon
 16264 | D:10     | Noticed a two-headed ogre
 16276 | D:10     | Killed a two-headed ogre
 16355 | D:10     | Noticed a two-headed ogre
 16361 | D:10     | Killed a two-headed ogre
 16408 | D:10     | Reached *** piety under Ashenzari
 16499 | D:10     | Noticed a manticore
 16504 | D:10     | Killed a manticore
 16524 | D:10     | Noticed a centaur warrior
 16527 | D:10     | Shot with an arrow by a centaur warrior

Illustrated notes

Levels and vault maps discovered:
D:1:      dpeg_arrival_radiant, layout_loops_ring, minivault_14,
          amethyst_killhole, nicolae_wormholes
D:2:      layout_loops_ring, nicolae_ecumenical_snake_handling,
          minmay_snake_closets
D:3:      layout_loops_ring, gammafunk_ghost_smash, uniq_ijyb
D:4:      layout_cave_pools, mainiacjoe_overflow_alcove_1, uniq_robin
D:5:      layout_basic, bloody_trog, yredelemnul_altar_generic,
          gup_sewer_entry_bowl, enter_ossuary_1
D:6:      layout_loops_ring, minmay_temple_entry_offerings, st_stairs_3,
          minmay_manual_mares, uniq_prince_ribbit1
D:7:      layout_basic, mainiacjoe_overflow_chevrons, minmay_door_square,
          minmay_crossroads
D:8:      layout_cave_pools, okawaru_altar_gauntlet_db, st_stairs_8,
          serial_park_tiny_pond
D:9:      layout_loops_ring, grunt_lair_entry_orc_guard_hut
D:10:     minmay_the_grid_4x2 [minmay_the_grid_dragon_a, minmay_the_grid_paths,
          minmay_the_grid_box_x, minmay_the_grid_tiny_cups,
          minmay_the_grid_odd_star, minmay_the_grid_outer_diamond,
          minmay_the_grid_small_cups,
          minmay_the_grid_prize_four_corners_diamond_b], layout_cave_pools,
          nicolae_overflow_hidden_temple
Temple:   eino_wide_crystal_templ

Skill      XL: |  1  2  3  4  5  6  7  8  9 10 11 |
---------------+----------------------------------+-----
Crossbows      | 2 3 4 5 6 7 |  7.5
Spellcasting   | 3 4 5 6 8 9 |  9.9
Fighting       | 2 3 5 8 |  8.9
Evocations     | 1 2 3 4 |  4.0
Dodging        | 3 |  3.1
Armour         | 2 |  2.1

Action                   |  1- 3 |  4- 6 |  7- 9 | 10-12 || total
-------------------------+-------+-------+-------+-------++-------
 Fire: Hand crossbow     |    94 |   206 |   332 |   169 ||   801
 Cast: Sandblast         |     9 |     3 |    11 |       ||    23
       Inner Flame       |       |     3 |    26 |    36 ||    65
       Poisonous Vapours |       |    65 |    60 |    67 ||   192
       Flame Wave        |       |       |     1 |     1 ||     2
Invok: Curse Item        |       |       |     1 |     3 ||     4
Evoke: Wand              |       |     1 |     9 |     6 ||    16
  Use: Scroll            |     3 |     6 |    13 |     3 ||    25
       Potion            |       |     2 |       |       ||     2
Armor: Robe              |     7 |    39 |    40 |    20 ||   106
       Leather armour    |       |       |       |     1 ||     1
       Ring mail         |       |       |       |     1 ||     1
Dodge: Dodged            |    39 |    99 |   123 |    25 ||   286
Block: Other             |       |       |    14 |    23 ||    37
       Reflection        |       |       |     2 |     6 ||     8

Table legend: (Time is in decaauts)
 A = Elapsed time spent in this place.
 B = Non-inter-level travel time spent in this place.
 C = Inter-level travel time spent in this place.
 D = Time resting spent in this place.
 E = Time spent auto-exploring this place.
 F = Levels seen in this place.
 G = Mean time per level.
                   A        B        C        D        E       F      G
               +--------+--------+--------+--------+--------+-----+--------+
         Total |  16779 |  16382 |    397 |   4751 |   7644 |  12 | 1398.2 |
       Dungeon |  15057 |  14701 |    356 |   4513 |   6826 |  10 | 1505.7 |
        Temple |    100 |     59 |     41 |      0 |     47 |   1 |  100.0 |
       Ossuary |   1620 |   1620 |      0 |    238 |    771 |   1 | 1620.0 |
               +--------+--------+--------+--------+--------+-----+--------+

Top non-repeatable levels by time:
     D:2: 2000 daAuts
     D:4: 1971 daAuts
     D:3: 1755 daAuts
 Ossuary: 1620 daAuts
     D:9: 1606 daAuts
     D:6: 1510 daAuts
     D:7: 1434 daAuts
     D:5: 1424 daAuts
     D:1: 1400 daAuts
     D:8: 1264 daAuts
    D:10: 690 daAuts
  Temple: 100 daAuts
